 Dungeon Crawl Stone Soup version 0.28.0-53-g5a82cb258f (webtiles) character file.

Game seed: 2749194358822973961

36 Zeld the Chiller (level 3, -4/23 (24) HPs)
             Began as a Merfolk Ice Elementalist on May 21, 2022.
             Slain by a wight
             ... wielding a +2 trident
              (9 damage)
             ... on level 2 of the Dungeon.
             The game lasted 00:01:40 (2159 turns).

Zeld the Chiller (Merfolk Ice Elementalist)         Turns: 2159, Time: 00:01:40

HP:   -4/23 (24)    AC:  2    Str:  8    XL:     3   Next: 37%
MP:   6/6           EV: 13    Int: 16    God:
Gold: 59            SH:  0    Dex: 14    Spells: 0/7 levels left

rFire   . . .      SeeInvis .   (no weapon)
rCold   . . .      Faith    .   (no shield)
rNeg    . . .      Spirit   .   a - +0 robe
rPois   .          Reflect  .   (no helmet)
rElec   .          Harm     .   (no cloak)
rCorr   .          Rampage  .   (no gloves)
Will    .....                   (no boots)
Stlth   ++........              (no amulet)
HPRegen 0.07/turn               (no ring)
MPRegen 0.10/turn               (no ring)

@: lightly drained
A: (nimble swimmer 2), mertail
a: no special abilities


You were on level 2 of the Dungeon.
You visited 1 branch of the dungeon, and saw 3 of its levels.

You collected 59 gold pieces.

Inventory:

Armour
 a - a +0 robe (worn)
Scrolls
 b - a scroll of fear {unknown}
 c - a scroll of acquirement {unknown}
 e - 3 scrolls of blinking {unknown}
 f - a scroll of immolation {unknown}
Potions
 d - 2 potions of curing {unknown}
 g - a potion of cancellation {unknown}
 h - a potion of lignification {unknown}
 i - a potion of flight {unknown}


   Skills:
 + Level 3.2 Dodging
 - Level 2.1 Stealth
 * Level 2.6 Spellcasting
 * Level 4.9 Ice Magic


You couldn't memorise any spells.
You knew the following spells:

 Your Spells              Type           Power      Damage    Failure   Level
a - Freeze                Ice            68%        1d8       2%          1
b - Frozen Ramparts       Ice            34%        1d5       8%          3
c - Ozocubu's Armour      Ice            17%        N/A       8%          3

Your spell library contained the following spells:

 Spells                   Type           Power      Damage    Failure   Level
 Magic Dart               Conj           8%         1d3       21%         1
 Searing Ray              Conj           4%         2d4       30%         2
 Hailstorm                Conj/Ice       10%        3d5       56%         4
 Fulminant Prism          Conj/Hex       1%         3d6       89%         4


Dungeon Overview and Level Annotations

Branches:
Dungeon (3/15)

Altars:
Qazlal


Innate Abilities, Weirdness & Mutations

((You are very nimble when in or above water. (Stealth+, EV+, Speed+++)))
Your lower body shifts to a powerful aquatic tail in water.


Message History

No target in view!
Key pressed, stopping explore.
No target in view!
Found a stormy altar of Qazlal.
No target in view!
You pick up a book of Conjurations and begin reading...
You add the spells Magic Dart, Searing Ray and Fulminant Prism to your library.
No target in view!
Okay, then.
Done exploring.
Done exploring.
There is a stone staircase leading up here.
There is a stone staircase leading down here.
Done exploring.
Done exploring.
You climb downwards.
There is a stone staircase leading up here.
There are monsters nearby!
The helpless wight fails to defend itself.
You hit the wight but do no damage.
There are monsters nearby!
You hit the wight but do no damage.
The wight hits you with a +3 mace of freezing.
The wight freezes you. The wight hits you with a +2 trident.
You feel drained.
The wight hits you with a +3 mace of freezing!
Ouch! That really hurt!
* * * LOW HITPOINT WARNING * * *
The wight freezes you.
* * * LOW HITPOINT WARNING * * *
You climb upwards.
There is a stone staircase leading down here.
The wight misses you. The wight closely misses you.
Press: ? - help, v - describe, . - travel
Here: a wight, wielding a +3 mace of freezing and wearing a +0 robe The floor.
There is a stone staircase leading up here.
The wight hits you from afar with a +2 trident!
You die...

#..._..# #......### #.........
#...##.##. #......##.
###########################.####.
..............#.............# #.
############..#.################.
..............#.@#...............
###########...#..#.##############
.................z..z...>.#
###########.#......###....# #
#.#..###.# #....# # #.##.###.#
#....# # #.##..##.###....# #
#.#.......####.## ## #.#.......#
#.# #####


You could see a wight.

Vanquished Creatures
  A dart slug (D:1)
  3 ball pythons (D:1)
  2 endoplasms (D:1)
  2 giant cockroaches
  4 goblins (D:1)
  8 hobgoblins
  2 quokkas (D:1)
  4 bats
  A frilled lizard (D:1)
  5 rats
32 creatures vanquished.

Notes
Turn   | Place    | Note
-------+----------+-------------------------------------------
     0 | D:1      | Zeld the Merfolk Ice Elementalist began the quest for the
                  | Orb.
     0 | D:1      | Reached XP level 1. HP: 13/13 MP: 3/3
    39 | D:1      | Found a faded altar of an unknown god.
   166 | D:1      | Reached XP level 2. HP: 8/19 MP: 0/5
  1113 | D:1      | Reached XP level 3. HP: 24/24 MP: 4/6
  1117 | D:1      | Learned a level 3 spell: Frozen Ramparts
  1121 | D:1      | Learned a level 3 spell: Ozocubu's Armour
  2110 | D:2      | Found a stormy altar of Qazlal.
  2159 | D:2      | Slain by a wight

Illustrated notes

Levels and vault maps discovered:
D:1:      dpeg_arrival_round_a, layout_loops_ring,
          shapermc_ecumenical_altar_venn
D:2:      layout_basic, basic_altar
D:3:      layout_loops_ring, grunt_ministairs_5

Skill      XL: |  1  2 |
---------------+-------+-----
Dodging        | 3 |  3.2
Stealth        | |  2.1
Spellcasting   | |  2.6
Ice Magic      | |  4.9

Action                   || total
-------------------------++-------
Melee: Unarmed           ||    38
 Cast: Freeze            ||    51
 Stab: Sleeping          ||     1
Armor: Robe              ||    15
Dodge: Dodged            ||    58
